Map: Para Site LE

Players

Learned - Winner!

  • Race: Terran Terran
  • League: Silver
  • Spawn Location: 11:00

VOD

Have the link to the VOD?

Description

Time

  • Played on: Oct. 30, 2018, 10:10 a.m.
  • Length: 31:59
Show
View Real Time Build Order
Export as new Build Order

Learned Terran - Winner!

Build Orders:  

Get SALT Encoding   

  12  0:01  SCV  
  13  0:18  SCV  
  14  0:24  Supply Depot  
  14  0:36  Refinery  
  14  0:38  SCV  
  15  0:55  SCV  
  16  1:05  Barracks  
  16  1:12  SCV  
  17  1:29  SCV  
  18  1:46  SCV  
  19  2:03  SCV  
  20  2:17  Reaper  
  21  2:21  Orbital Command  
  21  2:33  Command Center  
  21  2:48  Barracks  
  21  3:10  SCV  
  22  3:23  Supply Depot  
  22  3:27  SCV  
  23  3:35  Factory  
  23  3:38  Refinery  
  23  3:41  Barracks Tech Lab  
  23  3:53  SCV  
  23  3:54  Supply Depot  
  23  3:57  Barracks Reactor  
  24  4:08  Marine  
  24  4:10  SCV  
  25  4:27  SCV  
  26  4:33  Orbital Command, Marauder  
  28  4:47  Factory Reactor  
  28  4:51  SCV  
  28  4:53  Marine  
  28  4:54  Marine  
  31  5:03  Marine  
  31  5:08  SCV  
  33  5:10  Concussive Shells  
  33  5:18  Marine  
  33  5:19  Marine  
  35  5:23  Starport  
  35  5:25  SCV  
  35  5:28  Marauder  
  38  5:32  Engineering Bay  
  38  5:35  Widow Mine  
  38  5:37  SCV  
  38  5:39  Widow Mine  
  39  5:42  SCV  
  39  5:43  Marine  
  45  5:52  Marine  
  45  5:54  SCV  
  45  5:58  Marauder  
  45  5:59  SCV  
  50  6:12  Widow Mine  
  50  6:15  Missile Turret  
  50  6:17  Marine  
  50  6:18  Marine, Missile Turret  
  54  6:52  Supply Depot  
  54  6:53  Supply Depot  
  54  7:13  Widow Mine x2  
  54  7:22  SCV, Marine x2, Marauder  
  54  7:23  SCV  
  67  7:39  SCV  
  68  7:40  SCV  
  68  7:47  Marine  
  70  8:17  Supply Depot  
  70  8:18  Supply Depot  
  70  8:22  Unknown  
  70  8:38  Widow Mine x2  
  70  8:47  SCV x2, Supply Depot, Marine, Marauder  
  70  8:48  Marine  
  83  8:52  Refinery  
  83  9:04  SCV x2  
  83  9:08  Widow Mine x2  
  85  9:12  Marine  
  85  9:15  Command Center  
  85  9:18  Marine, Marauder  
  93  9:21  SCV x2  
  86  9:35  Bunker  
  86  9:37  Marine  
  86  9:38  SCV x2, Bunker, Widow Mine  
  89  9:42  Marine  
  89  9:47  Marauder, Unknown  
  94  10:13  Supply Depot  
  94  10:14  Supply Depot  
  94  10:18  Supply Depot  
  94  10:24  Terran Infantry Weapons Level 1  
  94  10:25  Command Center  
  94  10:33  Widow Mine x2  
  94  10:43  SCV x2, Marauder  
  94  10:44  Marine x2  
  94  10:47  Unknown  
  107  11:00  SCV x2  
  107  11:01  Orbital Command  
  107  11:09  Marine x2  
  111  11:13  Marauder  
  111  11:17  SCV x2  
  103  11:33  SCV x2  
  103  11:34  Marine x2  
  104  11:42  Marauder, Widow Mine  
  104  11:43  Widow Mine  
  104  11:47  Unknown  
  106  11:50  SCV x2  
  106  11:59  Marine x2  
  117  12:12  Marauder, Widow Mine  
  117  12:13  Widow Mine  
  119  12:24  Marine x2  
  122  12:42  Marauder, Widow Mine  
  122  12:49  Marine x2  
  126  12:55  Unknown  
  131  13:04  Widow Mine  
  131  13:12  Marauder, Widow Mine  
  131  13:13  Marine x2  
  139  13:34  Widow Mine  
  139  13:38  Marine x2  
  141  13:42  Marauder  
  145  13:55  Unknown  
  148  14:02  SCV x2  
  148  14:41  Missile Turret  
  148  14:55  Unknown  
  148  15:03  Planetary Fortress  
  148  15:29  Refinery  
  148  15:35  Refinery  
  148  16:04  Starport  
  148  16:10  Barracks x2  
  148  16:11  Barracks  
  148  16:13  Starport  
  148  16:16  Supply Depot x2  
  148  16:17  Supply Depot  
  148  16:18  Supply Depot  
  148  16:19  Supply Depot, Stimpack  
  148  16:22  Supply Depot x2  
  148  16:25  Supply Depot  
  148  16:36  Widow Mine x2  
  148  16:37  SCV, Refinery, Marauder  
  148  16:46  SCV x2, Marine x2  
  159  16:54  SCV  
  159  16:58  Supply Depot  
  160  17:03  SCV x2  
  160  17:06  Widow Mine x2  
  160  17:07  Marauder  
  161  17:11  SCV, Marine x2  
  161  17:19  SCV  
  105  17:20  SCV  
  168  17:28  SCV  
  168  17:30  Barracks Tech Lab  
  168  17:31  Barracks Reactor, Barracks Tech Lab  
  168  17:35  Marine x2  
  168  17:36  SCV x2  
  168  17:37  Marauder  
  174  17:45  SCV  
  174  17:46  Unknown  
  178  17:53  SCV  
  179  18:00  Marine x2  
  179  18:07  Marauder  
  183  18:16  Marine  
  183  18:17  Marine  
  185  18:20  Starport Reactor x2  
  185  18:25  Marine x3  
  185  18:26  Marine  
  189  18:37  Marauder  
  191  18:41  Marauder  
  191  18:42  Marine  
  191  18:46  Medivac, Unknown  
  196  18:50  Marine x3  
  196  18:52  Marine  
  200  20:22  Marine, Marauder  
  197  20:42  Factory  
  197  20:44  Factory  
  197  20:49  Refinery  
  197  20:52  Refinery  
  197  21:02  Command Center  
  197  21:05  Refinery  
  197  21:08  Supply Depot  
  197  21:09  Missile Turret x2  
  197  21:10  Supply Depot  
  197  21:15  Refinery  
  197  21:16  Missile Turret  
  197  21:18  Sensor Tower  
  197  21:36  Marine, Marauder  
  190  22:00  Factory Tech Lab x2  
  132  23:01  Medivac x5  
  132  23:04  Marine x2, Marauder  
  132  23:05  Marine x2, Marauder x2  
  152  23:11  Cyclone x3  
  152  23:12  Cyclone  
  164  23:29  Marine x2  
  166  23:30  Marine x2  
  166  23:34  Marauder  
  166  23:35  Marauder x2  
  172  23:43  Medivac x4  
  180  23:54  Marine x2  
  180  23:55  Marine x2  
  180  23:56  Cyclone x3  
  180  23:57  Cyclone  
  196  24:04  Marauder x2  
  200  24:16  Marine  
  200  24:19  Marine x2  
  198  24:20  Marine  
  182  24:34  Marauder  
  182  24:37  Marine, Marauder  
  183  24:41  Marine, Cyclone  
  183  24:42  Viking x3  
  183  24:44  Marine  
  200  25:00  Planetary Fortress  
  197  25:41  Unknown  
  197  25:42  Unknown  
  197  25:45  Command Center  
  193  26:01  Marine, Marauder  
  193  26:02  Marine x3, Marauder x2  
  199  26:18  Starport Reactor  
  199  26:26  Marine  
  200  26:47  Refinery  
  200  26:54  Command Center  
  200  26:55  Refinery, Sensor Tower  
  200  27:06  Sensor Tower  
  200  27:10  Sensor Tower  
  190  27:47  Marine x4, Marauder x3  
  180  27:50  Cyclone x3  
  180  27:51  Cyclone  
  180  27:55  Medivac x2  
  180  27:56  Viking x2  
  199  28:12  Marine  
Tags
 
League
Silver
Matchup
Co-op
Add a new tag
Caveats
  • Supply blocks, unpowered buildings, or Contaminate may cause inaccurate times.
  • Supply counts are checked every 10 seconds.